 Dungeon Crawl Stone Soup version 0.31-a0-544-gceb718ecc6 (webtiles) character file.

Game seed: 2718011373984841553

56 spiderkeys the Insei (level 3, 0/24 HPs)
             Began as an Octopode Shapeshifter on Aug 15, 2023.
             Slain by a rat (2 damage)
             ... on level 2 of the Dungeon.
             The game lasted 00:02:03 (926 turns).

spiderkeys the Insei (Octopode Shapeshifter)         Turns: 926, Time: 00:02:04

Health: 0/24       AC:  1    Str: 14    XL:     3   Next: 95%
Magic:  3/3        EV: 13    Int: 10    God:
Gold:   71         SH:  0    Dex: 14    Spells: 2/2 levels left

rFire   . .          .
                       - Unarmed
rCold   . . .        (no shield)
rNeg    . . .        (helmet currently unavailable)
rPois   .            (no amulet)
rElec   .            (no ring)
rCorr   .            (no ring)
SInv    .            (no ring)
Will    .....        (no ring)
Stlth   ++           (no ring)
HPRegen 0.24/turn    (no ring)
MPRegen 0.08/turn    (no ring)
                     (no ring)

%: no passive effects
@: lethally poisoned (0 -> -4), beast-form
A: beast (slay +2), almost no armour, amphibious, 8 rings, camouflage 1,
gelatinous body 1, (nimble swimmer 1), tentacles
a: Begin Untransformation


You were on level 2 of the Dungeon.
You were a hulking beast.
You visited 1 branch of the dungeon, and saw 2 of its levels.

You collected 71 gold pieces.


Innate Abilities, Weirdness & Mutations

You are a hulking beast.
Your limbs bulge with bestial killing power. (Slay +2)
You cannot wear most types of armour.
You are amphibious.
You can wear up to eight rings at the same time.
Your skin changes colour to match your surroundings (Stealth+).
Your rubbery body absorbs attacks. (AC +1, EV +1)
((You are camouflaged when in or above water. (Stealth+)))
You have tentacles for arms and can constrict up to eight enemies at once.


   Skills:
 + Level 1.9 Fighting
 + Level 2.6 Dodging
 + Level 3.5 Unarmed Combat
 + Level 3.3 Shapeshifting


You had 2 spell levels left.
You didn't know any spells.
Your spell library was empty.

Inventory:

Missiles
 e - 3 stones
 i - 2 boomerangs
 k - 5 atropa-tipped darts
Jewellery
 W - a ring of magical power
   (You found it on level 1 of the Dungeon)
Talismans
 b - a beast talisman (active)
 c - a flux talisman
Scrolls
 d - a scroll of revelation {unknown}
 h - 4 scrolls of identify {unknown}
 j - a scroll of enchant armour {unknown}
Potions
 a - a potion of lignification {!q}
 g - a potion of heal wounds {unknown}

Dungeon Overview and Level Annotations

Branches:
Dungeon (2/15) Zot: 11076

Altars:

.........######.###.#...
#..........)............
............#.#.#.....##
.......†...##..>..###.#
.....###.###....# #<#
..### #.#...... #.# #
#...# #.# ##..##.#. #.#
#h.......# #.#
#....r....[### ...
.............# ...
............... ...
.............#..
.##............#
...........##
.............


You could see a rat.


Message History

The adder hisses angrily.
A ball python comes into view.
There are monsters nearby!
A ball python comes into view.
The ball python hisses angrily.
There are monsters nearby!
You tentacle-slap the adder. Your grab misses the adder.
The adder barely misses you.
You tentacle-slap the adder. Your grab misses the adder. You squeeze the adder.
The adder bites you. 😕 HP[-4]
You take 4 damage, and now have 20/24 hp.
You tentacle-slap the adder. Your grab misses the adder.
The adder bites you. x2 😮 HP[-5]
You take 5 damage, and now have 15/24 hp.
MASSIVE DAMAGE!! (PAUSE)
You are too injured to fight recklessly!
You are too injured to fight recklessly!
You closely miss the adder. Your grab misses the adder.
Your squeeze misses the adder.
The ball python bites you but does no damage.
The ball python grabs you. The ball python constricts you.
The adder barely misses you. 😮 HP[-1]
You take 1 damage, and now have 14/24 hp.
You tentacle-slap the adder.
You kill the adder!
The ball python hisses angrily.
The ball python bites you. The ball python constricts you.
* * * LOW HITPOINT WARNING * * *
😨 HP[-2]
You take 2 damage, and now have 12/24 hp.
You tentacle-slap the ball python. Your grab misses the ball python.
You squeeze the ball python.
You kill the ball python!
You see here 5 atropa-tipped darts.
The ball python barely misses you. The ball python closely misses you.
You closely miss the ball python. Your grab misses the ball python.
The ball python bites you.
* * * LOW HITPOINT WARNING * * *
The ball python barely misses you. 😨 HP[-1]
You take 1 damage, and now have 11/24 hp.
You tentacle-slap the ball python. You grab the ball python.
You constrict the ball python. The ball python bites you.
* * * LOW HITPOINT WARNING * * *
The ball python closely misses you. 😨 HP[-2]
You take 2 damage, and now have 9/24 hp.
You tentacle-slap the ball python.
You kill the ball python!
Key pressed, stopping explore.
k - 5 atropa-tipped darts 😎 HP[+15]
Your hp is fully restored (24).
A rat comes into view.
A rat is nearby!
A rat is nearby!
An adder comes into view.
The adder hisses angrily.
The adder bites you.
You are poisoned.
The adder poisons you! 😕 HP[-2]
You take 2 damage, and now have 22/24 hp.
You tentacle-slap the adder. Your grab misses the adder.
You feel sick. The adder misses you. The rat barely misses you. 😕 HP[-1]
You take 1 damage, and now have 21/24 hp.
You tentacle-slap the adder. Your grab misses the adder.
You feel sick. The adder bites you. The rat bites you. 😮 HP[-6]
You take 6 damage, and now have 15/24 hp.
MASSIVE DAMAGE!! (PAUSE)
You tentacle-slap the adder but do no damage.
You grab the adder. You constrict the adder.
You feel sick. The adder bites you.
You are more poisoned.
The adder poisons you! The rat bites you.
* * * LOW HITPOINT WARNING * * *
😨 HP[-3]
You take 3 damage, and now have 12/24 hp.
You tentacle-slap the adder. You constrict the adder.
You feel sick. The adder bites you.
* * * LOW HITPOINT WARNING * * *
The rat barely misses you. The adder bites you.
* * * LOW HITPOINT WARNING * * *
😱 HP[-7]
You take 7 damage, and now have 5/24 hp.
MASSIVE DAMAGE!! (PAUSE)
You bludgeon the adder!
You kill the adder!
* * * LOW HITPOINT WARNING * * *
You feel sick. The rat barely misses you. 😱 HP[-2]
You take 2 damage, and now have 3/24 hp.
It was a potion of cancellation.
You feel magically purged.
* * * LOW HITPOINT WARNING * * *
You feel sick. The rat bites you.
You die...

Action                     || total
---------------------------++-------
  Melee: Unarmed           ||    57
         Constrict         ||    16
         Tentacles         ||    13
         Punch             ||     2
    Use: Potion            ||     1
   Stab: Sleeping          ||     3
 Armour: Skin              ||     6
  Dodge: Dodged            ||    32

Levels and vault maps discovered:
D:1:      onia_arrival_pentagram, layout_basic, serial_bayou_lagoon_b
D:2:      layout_rooms, minmay_tromino_v2, uniq_natasha

Notes
Turn   | Place    | Note
-------+----------+-------------------------------------------
     0 | D:1      | spiderkeys the Octopode Shapeshifter began the quest for
                  | the Orb.
     0 | D:1      | Reached XP level 1. HP: 13/13 MP: 1/1
     0 | D:1      | magus.rc [v1.11.6]
   113 | D:1      | Reached XP level 2. HP: 18/18 MP: 2/2
   267 | D:1      | Reached XP level 3. HP: 23/23 MP: 3/3
   924 | D:2      | HP: 6/24 [adder (4)]
   926 | D:2      | HP: 2/24 [poisoned by an adder]
   926 | D:2      | Slain by a rat

Vanquished Creatures
  2 adders (D:2)
  2 dart slugs (D:1)
  4 bats
  2 endoplasms (D:1)
  4 giant cockroaches
  2 goblins (D:1)
  2 hobgoblins (D:1)
  4 kobolds (D:1)
  7 ball pythons
  4 frilled lizards (D:1)
  2 rats (D:1)
35 creatures vanquished.

Table legend:
 A = Non-vault XP
 B = Vault XP
 C = Vault XP percentage of total XP
 D = Non-vault monster count
 E = Vault monster count
 F = Vault count percentage of total count
                 A         B        C        D         E       F
            +---------+---------+-------+---------+---------+-------
      Total |      80 |       0 |   0.0 |      35 |       0 |   0.0
            +---------+---------+-------+---------+---------+-------
        D:1 |      46 |       0 |   0.0 |      27 |       0 |   0.0
        D:2 |      34 |       0 |   0.0 |       8 |       0 |   0.0
            +---------+---------+-------+---------+---------+-------

Action                     || total
---------------------------++-------
  Melee: Unarmed           ||    57
         Constrict         ||    16
         Tentacles         ||    13
         Punch             ||     2
    Use: Potion            ||     1
   Stab: Sleeping          ||     3
 Armour: Skin              ||     6
  Dodge: Dodged            ||    32

Illustrated notes

Table legend:
 A = Kills in this place as a percentage of kills in the entire game.
 B = Kills by you in this place as a percentage of kills by you in the entire game.
 C = Kills by friends in this place as a percentage of kills by friends in the entire game.
 D = Other kills in this place as a percentage of other kills in the entire game.
 E = Experience gained in this place as a percentage of experience gained in the entire game.
 F = Experience gained in this place divided by the number of levels of this place that you have seen.
                   A       B       C       D       E      F
               +-------+-------+-------+-------+-------+----------------------
         Total | 100.0 | 100.0 |   N/A |   N/A | 100.0 |  40.0
       Dungeon | 100.0 | 100.0 |   N/A |   N/A | 100.0 |  40.0
               +-------+-------+-------+-------+-------+----------------------

Table legend: (Time is in decaauts)
 A = Elapsed time spent in this place.
 B = Non-inter-level travel time spent in this place.
 C = Inter-level travel time spent in this place.
 D = Time resting spent in this place.
 E = Time spent auto-exploring this place.
 F = Levels seen in this place.
 G = Mean time per level.
                   A        B        C        D        E       F      G
               +--------+--------+--------+--------+--------+-----+--------+
         Total |    922 |    920 |      2 |      0 |    750 |   2 |  461.0 |
       Dungeon |    922 |    920 |      2 |      0 |    750 |   2 |  461.0 |
               +--------+--------+--------+--------+--------+-----+--------+

Top non-repeatable levels by time:
     D:1: 760 daAuts
     D:2: 161 daAuts
